AoeStats
← RagnarLothbrok

Fortress

509859704Analyzed
4v4 RM · 3d ago on Sep 28, 2026· 52m 47s· 8 players
Game mode
Random Map
Map size
Huge
Population
200
Speed
Normal
Resources
Standard
Victory
Conquest
Starting age
Dark Age
Ending age
Imperial Age
RankedLock teamsTeams togetherTeam positionsShared explorationLock speedFull tech treeHidden civsTurbo modeCheats
Victory
Defeat
🇳🇱 Berbers · Netherlands
1589
+9
🇩🇪 Danes · Germany
1536
+11
🇩🇪 Romans · Germany
1471
+14
🇩🇪 Japanese · Germany
1446
+15
🇨🇳 Bohemians · China
1543
-17
🇺🇸 Varangians · United States
1409
-12
🇻🇪 Mongols · Venezuela
1368
-10
🇨🇳 Khmer · China
1365
-10
MyNameIsLassen
6:42 Feudal Age
11:03 Castle Age
9:18 Horse Collar
9:28 Double-Bit Axe
12:07 Bow Saw
11:58 Heavy Plow
17:57 Wheelbarrow
18:00 Loom
18:59 Hand Cart
18:56 Gold Mining
20:45 Caravan
23:05 Gold Shaft Mining
25:06 Imperial Age
22:35 Town Watch
23:16 Stone Mining
24:07 Scale Barding Armor
24:21 Forging
24:20 Fletching
25:09 Chain Barding Armor
26:12 Conscription
26:54 Husbandry
27:04 Bloodlines
27:29 Ballistics
28:09 Masonry
28:55 Town Patrol
29:32 Plate Barding Armor
29:32 Iron Casting
29:19 Elite Centurion
33:22 Crop Rotation
35:01 Blast Furnace
34:22 Masonry
35:12 Chemistry
34:09 Bodkin Arrow
34:51 Siege Engineers
36:04 Onager
37:07 Herbal Medicine
41:04 Squires
40:25 Pikeman
40:29 Man-at-Arms
41:12 Scale Mail Armor
42:17 Coinage
42:34 Architecture
42:47 Fortified Wall
42:03 Long Swordsman
43:05 Chain Mail Armor
43:14 Comitatenses
43:46 Ballistas
43:10 Legionary
44:48 Heavy Scorpion
48:53 Pikeman
50:37 Murder Holes
51:08 Halberdier
Komkommersla
8:04 Feudal Age
11:34 Castle Age
9:46 Double-Bit Axe
10:03 Horse Collar
12:37 Bow Saw
15:59 Fletching
16:49 Husbandry
17:17 Bodkin Arrow
19:45 Wheelbarrow
19:11 Padded Archer Armor
20:02 Gold Mining
22:48 Bloodlines
22:59 Ballistics
23:35 Leather Archer Armor
23:30 Heavy Plow
23:59 Kasbah
24:14 Loom
24:15 Town Watch
29:25 Imperial Age
30:12 Bracer
31:31 Chemistry
30:46 Maghrebi Camels
32:28 Hand Cart
33:54 Town Patrol
35:31 Scale Barding Armor
35:37 Forging
35:42 Thumb Ring
35:34 Light Cavalry
36:49 Ring Archer Armor
36:40 Chain Barding Armor
37:10 Conscription
36:16 Elite Camel Archer
37:56 Hoardings
37:37 Cavalier
39:03 Caravan
39:50 Plate Barding Armor
39:17 Hussar
46:01 Iron Casting
47:53 Siege Engineers
47:59 Masonry
52:16 Heavy Camel Rider
Dario
7:54 Feudal Age
11:54 Castle Age
9:40 Horse Collar
9:49 Double-Bit Axe
10:27 Scale Mail Armor
10:29 Arson
11:28 Forging
12:34 Gambesons
16:19 Chain Mail Armor
18:14 Iron Casting
23:04 Loom
23:05 Town Watch
28:37 Fletching
35:32 Imperial Age
33:49 Heavy Plow
34:01 Bow Saw
35:08 Gold Mining
35:08 Stone Mining
36:58 Plate Mail Armor
37:28 Blast Furnace
38:33 Blast Furnace
37:41 Squires
37:27 Hamask
38:19 Elite Jomsviking
39:46 Conscription
43:28 Masonry
43:41 Ballistics
44:21 Chemistry
44:04 Northmen's Fury
45:23 Bodkin Arrow
46:54 Wheelbarrow
46:20 Town Patrol
46:45 Onager
47:36 Bracer
48:44 Siege Onager
49:33 Siege Engineers
49:25 Murder Holes
49:30 Capped Ram
50:46 Caravan
51:16 Siege Ram
52:40 Gold Shaft Mining
52:41 Stone Shaft Mining
Krabbel
8:57 Feudal Age
10:30 Double-Bit Axe
10:38 Horse Collar
13:01 Castle Age
13:34 Scale Mail Armor
13:56 Bow Saw
16:58 Chain Mail Armor
29:22 Imperial Age
29:28 Imperial Age
28:50 Gold Mining
30:34 Wheelbarrow
30:56 Conscription
31:21 Forging
32:12 Squires
34:08 Plate Mail Armor
33:29 Arson
34:57 Loom
35:28 Hand Cart
37:49 Gold Shaft Mining
37:05 Stone Mining
37:53 Caravan
37:30 Elite Samurai
39:09 Iron Casting
41:01 Blast Furnace
52:14 Fletching
Sain
7:39 Feudal Age
9:13 Double-Bit Axe
11:32 Castle Age
9:32 Double-Bit Axe
10:42 Horse Collar
12:31 Bow Saw
17:39 Wheelbarrow
18:00 Loom
19:06 Fletching
21:30 Bodkin Arrow
25:48 Bloodlines
27:34 Padded Archer Armor
35:29 Elite Skirmisher
37:40 Leather Archer Armor
38:25 Ballistics
RagnarLothbrok
7:17 Feudal Age
7:15 Loom
12:38 Castle Age
10:47 Double-Bit Axe
12:09 Horse Collar
13:32 Bow Saw
18:32 Gold Mining
19:04 Fletching
20:39 Bodkin Arrow
21:22 Padded Archer Armor
22:57 Leather Archer Armor
22:58 Loom
23:48 Wheelbarrow
22:58 Town Watch
24:17 Stone Mining
25:02 Gold Shaft Mining
25:07 Bloodlines
27:53 Ballistics
27:58 Nomads
31:15 Imperial Age
29:31 Husbandry
31:34 Town Patrol
32:01 Thumb Ring
32:59 Chemistry
32:42 Onager
33:55 Conscription
35:18 Forging
37:00 Coinage
36:39 Bracer
36:15 Capped Ram
37:27 Caravan
39:15 Drill
38:44 Siege Ram
40:23 Hand Cart
41:56 Parthian Tactics
42:19 Elite Mangudai
43:36 Hoardings
44:44 Siege Onager
49:24 Siege Engineers
KG789
8:04 Feudal Age
8:14 Man-at-Arms
8:23 Man-at-Arms
11:17 Castle Age
9:38 Double-Bit Axe
9:36 Horse Collar
11:31 Wheelbarrow
13:32 Bow Saw
13:22 Heavy Plow
19:56 Hand Cart
25:58 Imperial Age
24:33 Husbandry
24:44 Bloodlines
26:24 Ballistics
26:14 Masonry
26:01 Murder Holes
27:17 Conscription
27:16 Siege Engineers
26:55 Capped Ram
27:35 Loom
27:52 Gold Mining
27:52 Stone Mining
29:18 Hoardings
29:36 Gold Shaft Mining
29:21 Double Crossbow
31:16 Chemistry
31:25 Architecture
30:57 Elite Ballista Elephant
35:27 Fletching
36:23 Light Cavalry
37:53 Bodkin Arrow
38:03 Hussar
39:51 Scale Barding Armor
39:47 Bracer
40:46 Siege Ram
41:49 Chain Barding Armor
45:06 Plate Barding Armor
48:02 Forging
49:23 Iron Casting
48:49 Padded Archer Armor
50:37 Crop Rotation
黛冬优子
7:08 Feudal Age
11:08 Castle Age
9:02 Double-Bit Axe
9:27 Horse Collar
11:40 Wheelbarrow
12:38 Bow Saw
12:53 Fervor
15:33 Loom
19:35 Hand Cart
30:11 Imperial Age
29:23 Chemistry
28:55 Heavy Plow
29:51 Scale Mail Armor
30:41 Fortified Wall
31:41 Conscription
30:56 Pikeman
32:12 Siege Engineers
32:18 Masonry
32:10 Halberdier
32:51 Squires
33:09 Chain Mail Armor
33:04 Forging
33:34 Conscription
33:48 Forging
34:05 Houfnice
35:56 Iron Casting
37:58 Plate Mail Armor
39:51 Blast Furnace
43:06 Wagenburg Tactics
48:16 Coinage
48:48 Padded Archer Armor
51:11 Leather Archer Armor
Connection lost

Rejoining the realm…

Still unreachable

The connection could not be restored.

Session expired

The server has moved on; the page needs a fresh start.